 Dungeon Crawl Stone Soup version 0.31-a0-234-gad7ace16ef (webtiles) character file.

Game seed: 15563576919342347595

74 qw the Shooter (level 4, -1/36 HPs)
             Began as a Minotaur Hexslinger on July 9, 2023.
             Slain by a +3 spectral club (10 damage)
             ... created by Robin
             ... on level 3 of the Dungeon.
             The game lasted 00:00:43 (1877 turns).

qw the Shooter (Minotaur Hexslinger)                Turns: 1877, Time: 00:00:44

Health: -1/36      AC:  6    Str: 12    XL:     4   Next: 9%
Magic:  4/4        EV: 11    Int: 10    God:
Gold:   32         SH:  0    Dex: 15    Spells: 4/5 levels left

rFire   . . .        Y - +0 shortbow
rCold   . . .        (shield currently unavailable)
rNeg    . . .        a - +0 ring mail
rPois   .            (helmet restricted)
rElec   .            (no cloak)
rCorr   .            h - +0 pair of gloves
SInv    .            (no boots)
Will    .....        (no amulet)
Stlth   +            (no ring)
HPRegen 0.26/turn    (no ring)
MPRegen 0.09/turn

%: no passive effects
@: no status effects
A: horns 2, retaliatory headbutt
a: no special abilities


You were on level 3 of the Dungeon.
You visited 1 branch of the dungeon, and saw 3 of its levels.

You collected 153 gold pieces.
You spent 121 gold pieces at shops.


Innate Abilities, Weirdness & Mutations

You have a pair of horns on your head.
You reflexively headbutt those who attack you in melee.


   Skills:
 - Level 2.0 Fighting
 + Level 4.4 Ranged Weapons
 - Level 1.1 Armour
 - Level 2.1 Dodging
 - Level 1.0 Spellcasting
 - Level 2.0 Hexes


You had 4 spell levels left.
You knew the following spells:

 Your Spells              Type           Power      Damage    Failure   Level
a - Slow                  Hex            16%        N/A       34%         1

Your spell library contained the following spells:

 Spells                   Type           Power      Damage    Failure   Level
 Inner Flame              Hex/Fire       2%         N/A       83%         3
 Portal Projectile        Hex/Tloc       4%         N/A       83%         3
 Cause Fear               Hex            2%         N/A       98%         4

Inventory:

Hand Weapons
 Y - a +0 shortbow (weapon)
Armour
 a - a +0 ring mail (worn)
 h - a +0 pair of gloves (worn)
Scrolls
 b - 3 scrolls of revelation {unknown}
Potions
 d - a potion of haste {unknown}
 e - a potion of curing
 f - a potion of lignification {unknown}
 g - a potion of might {unknown}

Dungeon Overview and Level Annotations

Branches:
Dungeon (3/15)

Altars:

Shops:
D:2 =**

Annotations:
D:3 Robin


Message History

You hear a shout! x4
A goblin comes into view. It is wielding a +3 dagger.
A goblin comes into view. It is wielding a +0 dagger.
The goblin closely misses you.
You shoot an arrow. The arrow hits the hobgoblin!
You kill the hobgoblin!
A rat comes into view.
The goblin hits you but does no damage.
The goblin unwields a +3 dagger.
The goblin wields a +0 sling.
The goblin shoots a sling bullet.
The sling bullet completely misses you.
You hear a shout!
You shoot an arrow. The arrow hits the goblin.
You kill the goblin!
A goblin comes into view. It is wielding a +0 dagger.
The goblin shoots a sling bullet.
The sling bullet completely misses you.
The goblin shouts!
You hear a shout!
You shoot an arrow.
The arrow hits Robin but does no damage.
A goblin comes into view. It is wielding a +0 club.
You shoot an arrow. The arrow closely misses Robin.
The arrow hits the goblin!
You kill the goblin!
A goblin comes into view. It is wielding a +0 dagger. x2
Robin's bangles clink loudly.
A goblin comes into view. It is wielding a +0 club.
You shoot an arrow. The arrow barely misses Robin.
The goblin shouts!
A goblin comes into view. It is wielding a +0 dagger.
Robin barely misses you. The +3 spectral club barely misses you.
A +3 spectral club comes into view.
You shoot an arrow.
The arrow hits Robin but does no damage.
A goblin comes into view. It is wielding a +0 club.
Robin hits you but does no damage. The +3 spectral club hits you!
The goblin shoots a sling bullet.
The sling bullet hits you.
You shoot an arrow. The arrow hits Robin.
Robin is moderately wounded.
The goblin no longer looks unusually strong. x2
Robin hits you with a +3 spectral club. The +3 spectral club hits you!
Robin hits you with a +3 spectral club. The +3 spectral club hits you!
You die...

##.#.####.## #.##
####.####...###.[.
#......##.........
#.##.#.##...######
#.##.#.###### #.#..#.#
######### ### #.#.##.#
#.....##.
..ggr##g...#.###..%..##.
..gggg(@..........<..#
...gg###...#####.....##
#### #..######.....##.
#.###.......####. #.#
#.#####.# ## #.#
##.##### #.. #......#
### #..###.# #.......


You could see a +3 spectral club, Robin, 8 goblins and a rat.

Vanquished Creatures
  2 adders (D:3)
  A worm (D:2)
  4 ball pythons
  4 endoplasms
  5 giant cockroaches
  8 hobgoblins
  3 jackals (D:2)
  2 kobolds
  2 quokkas (D:2)
  3 bats
  9 frilled lizards
  4 goblins
  2 rats (D:1)
49 creatures vanquished.

Notes
Turn   | Place    | Note
-------+----------+-------------------------------------------
     0 | D:1      | qw the Minotaur Hexslinger began the quest for the Orb.
     0 | D:1      | Reached XP level 1. HP: 16/16 MP: 1/1
     0 | D:1      | 0 ||| qw: Version: 0.3-a-51-g015441d
     0 | D:1      | 0 ||| qw: Game counter: 4229
     0 | D:1      | 0 ||| qw: Melee chars always use a shield: true
     0 | D:1      | 0 ||| qw: God list: Okawaru
     0 | D:1      | 0 ||| qw: Allow faded altars: false
     0 | D:1      | 0 ||| qw: Do Orc after clearing Dungeon:15 true
     0 | D:1      | 0 ||| qw: Do second Lair branch before Depths: true
     0 | D:1      | 0 ||| qw: Lair rune preference: random
     0 | D:1      | 0 ||| qw: Goals: Normal
     0 | D:1      | 0 ||| PLANNING D:1-11
   173 | D:1      | 173 ||| FLEEEEING.
   174 | D:1      | 174 ||| FLEEEEING.
   175 | D:1      | 175 ||| FLEEEEING.
   176 | D:1      | 176 ||| FLEEEEING.
   177 | D:1      | 177 ||| FLEEEEING.
   179 | D:1      | 179 ||| FLEEEEING.
   180 | D:1      | 180 ||| FLEEEEING.
   181 | D:1      | 181 ||| FLEEEEING.
   182 | D:1      | 182 ||| FLEEEEING.
   183 | D:1      | 183 ||| FLEEEEING.
   184 | D:1      | 184 ||| FLEEEEING.
   185 | D:1      | 185 ||| FLEEEEING.
   186 | D:1      | 186 ||| FLEEEEING.
   187 | D:1      | 187 ||| FLEEEEING.
   188 | D:1      | 188 ||| FLEEEEING.
   189 | D:1      | 189 ||| FLEEEEING.
   190 | D:1      | 190 ||| FLEEEEING.
   191 | D:1      | 191 ||| FLEEEEING.
   216 | D:1      | Reached skill level 3 in Ranged Weapons
   227 | D:1      | Reached XP level 2. HP: 23/23 MP: 2/2
   686 | D:1      | 686 ||| FLEEEEING.
   687 | D:1      | 687 ||| FLEEEEING.
   834 | D:1      | 834 ||| READING scroll labelled CARUJAE GACOUNK.
   837 | D:1      | 837 ||| READING scroll labelled VEFOVIEFIN.
   838 | D:1      | 838 ||| DROPPING scroll of poison.
   931 | D:2      | Reached XP level 3. HP: 29/29 MP: 3/3
   949 | D:2      | 949 ||| FLEEEEING.
   950 | D:2      | 950 ||| FLEEEEING.
  1101 | D:2      | 1101 ||| FLEEEEING.
  1102 | D:2      | 1102 ||| FLEEEEING.
  1103 | D:2      | 1103 ||| FLEEEEING.
  1104 | D:2      | 1104 ||| FLEEEEING.
  1105 | D:2      | 1105 ||| FLEEEEING.
  1106 | D:2      | 1106 ||| FLEEEEING.
  1107 | D:2      | 1107 ||| FLEEEEING.
  1108 | D:2      | 1108 ||| FLEEEEING.
  1109 | D:2      | 1109 ||| FLEEEEING.
  1110 | D:2      | 1110 ||| FLEEEEING.
  1133 | D:2      | Found Viceocw's Jewellery Shop.
  1136 | D:2      | 1136 ||| SHOPLISTING +4 ring of slaying (858 gold, have
                  | 120).
  1136 | D:2      | 1136 ||| SHOPLISTING ring of resist corrosion (220 gold,
                  | have 120).
  1136 | D:2      | 1136 ||| SHOPLISTING ring of see invisible (165 gold, have
                  | 120).
  1136 | D:2      | 1136 ||| SHOPLISTING ring of the Shining Light {rCorr MP+9}
                  | (358 gold, have 120).
  1267 | D:2      | Reached skill level 4 in Ranged Weapons
  1276 | D:2      | Found Pomapn's General Store.
  1281 | D:2      | 1281 ||| BUYING +0 pair of gloves (58 gold).
  1281 | D:2      | Bought a +0 pair of gloves for 58 gold pieces
  1281 | D:2      | 1281 ||| BUYING +0 shortbow (39 gold).
  1281 | D:2      | Bought a +0 shortbow for 39 gold pieces
  1281 | D:2      | 1281 ||| SWAPPING to +0 shortbow.
  1282 | D:2      | 1282 ||| DROPPING +1 sling.
  1395 | D:2      | Found Ehoam's Assorted Antiques.
  1402 | D:2      | 1402 ||| SHOPLISTING 2 blue potions (43 gold, have 36).
  1402 | D:2      | 1402 ||| SHOPLISTING notched agate ring (120 gold, have
                  | 36).
  1402 | D:2      | 1402 ||| BUYING scroll labelled ZAINNI UPLAOR (24 gold).
  1402 | D:2      | Bought a scroll labelled ZAINNI UPLAOR for 24 gold pieces
  1402 | D:2      | 1402 ||| SHOPLISTING scroll of teleportation (72 gold, have
                  | 12).
  1402 | D:2      | 1402 ||| SHOPLISTING smoky golden potion (21 gold, have
                  | 12).
  1530 | D:2      | Found a faded altar of an unknown god.
  1681 | D:2      | 1681 ||| UPGRADING to +0 ring mail.
  1691 | D:2      | 1691 ||| DROPPING +0 robe.
  1692 | D:2      | 1692 ||| UPGRADING to +0 pair of gloves.
  1697 | D:2      | 1697 ||| READING 2 scrolls labelled WOF CIHOTZAOCA.
  1698 | D:2      | 1698 ||| READING scroll labelled ZAINNI UPLAOR.
  1699 | D:2      | 1699 ||| READING scroll labelled VAUCHASHULO.
  1700 | D:2      | 1700 ||| READING scroll labelled SEUBODW WEAKAG.
  1701 | D:2      | 1701 ||| DRINKING 2 blue potions.
  1702 | D:2      | 1702 ||| DROPPING scroll of amnesia.
  1764 | D:3      | Reached skill level 1 in Armour
  1767 | D:3      | Reached XP level 4. HP: 35/36 MP: 4/4
  1867 | D:3      | Noticed Robin
  1877 | D:3      | HP: 9/36 [Robin/+3 spectral club (4)]
  1877 | D:3      | Slain by a +3 spectral club

Levels and vault maps discovered:
D:1:      co_arrival_square_in_a_square_in_a_square, layout_loops_ring,
          minmay_lizard_pond
D:2:      layout_loops_ring, serial_shops, nicolae_shop_tiny_real_fake_doors,
          nicolae_shop_dealshenge, shop, shapermc_ecumenical_altar_mp_vishouse
D:3:      layout_loops_cross, uniq_robin

Skill      XL: |  1  2  3 |
---------------+----------+-----
Ranged Weapons | 3 4 |  4.4
Fighting       | 2 |  2.0
Armour         | 1 |  1.1
Dodging        | |  2.1
Spellcasting   | |  1.0
Hexes          | |  2.0

Action                     |  1- 3 |  4- 6 || total
---------------------------+-------+-------++-------
   Fire: Sling             |   113 |       ||   113
         Shortbow          |    12 |    13 ||    25
    Use: Scroll            |     6 |       ||     6
         Potion            |     1 |       ||     1
 Armour: Robe              |     7 |       ||     7
         Ring mail         |     2 |     3 ||     5
  Dodge: Dodged            |    46 |     5 ||    51

Table legend:
 A = Non-vault XP
 B = Vault XP
 C = Vault XP percentage of total XP
 D = Non-vault monster count
 E = Vault monster count
 F = Vault count percentage of total count
                 A         B        C        D         E       F
            +---------+---------+-------+---------+---------+-------
      Total |      94 |      12 |  11.3 |      40 |       9 |  18.4
            +---------+---------+-------+---------+---------+-------
        D:1 |      33 |       6 |  15.4 |      20 |       6 |  23.1
        D:2 |      32 |       0 |   0.0 |      16 |       0 |   0.0
        D:3 |      29 |       6 |  17.1 |       4 |       3 |  42.9
            +---------+---------+-------+---------+---------+-------
